 Dungeon Crawl Stone Soup version 0.31-a0-360-gb3e1d13bf4 (webtiles) character file.

Game seed: 2956412443411667250

85 LeprechaunX the Ruffian (level 4, -8/29 HPs)
             Began as an Octopode Shapeshifter on July 26, 2023.
             Mangled by an ogre
             ... wielding a +0 giant spiked club
              (37 damage)
             ... on level 4 of the Dungeon.
             The game lasted 00:02:10 (1937 turns).

LeprechaunX the Ruffian (Octopode Shapeshifter)     Turns: 1937, Time: 00:02:11

Health: -8/29      AC:  1    Str: 16    XL:     4   Next: 48%
Magic:  4/4        EV: 13    Int: 10    God:
Gold:   96         SH:  0    Dex: 12    Spells: 3/3 levels left

rFire   . .          .
                       - Unarmed
rCold   . . .        (no shield)
rNeg    + . .        (helmet currently unavailable)
rPois   .            j - amulet of regeneration
rElec   .            g - ring of positive energy
rCorr   .            (no ring)
SInv    .            (no ring)
Will    .....        (no ring)
Stlth   ++           (no ring)
HPRegen 1.04/turn    (no ring)
MPRegen 0.09/turn    (no ring)
                     (no ring)

%: no passive effects
@: beast-form
A: beast (slay +2), almost no armour, amphibious, 8 rings, camouflage 1,
gelatinous body 1, (nimble swimmer 1), tentacles
a: Begin Untransformation


You were on level 4 of the Dungeon.
You were a hulking beast.
You visited 1 branch of the dungeon, and saw 4 of its levels.

You collected 96 gold pieces.

Inventory:

Missiles
 n - 3 poisoned darts (quivered)
Jewellery
 g - a ring of positive energy (left tentacle)
 j - an amulet of regeneration (around mantle)
Talismans
 b - a beast talisman
Scrolls
 d - 2 scrolls of blinking {unknown}
 e - a scroll of fear {unknown}
 f - 2 scrolls of amnesia {unknown}
 k - 2 scrolls of poison {unknown}
 m - a scroll of immolation {unknown}
 o - a scroll of identify {unknown}
 p - a scroll of noise {unknown}
 r - a scroll of enchant armour {unknown}
 t - a scroll of brand weapon {unknown}
 w - a scroll of fog {unknown}
Potions
 a - a potion of lignification
 c - 2 potions of curing {unknown}
 h - a potion of might {unknown}
 i - a potion of brilliance {unknown}
 l - a potion of haste {unknown}
 q - a potion of invisibility {unknown}
 s - 2 potions of degeneration {unknown}
 u - 2 potions of magic {unknown}
 v - a potion of ambrosia {unknown}


   Skills:
 + Level 1.9 Fighting
 + Level 2.7 Dodging
 * Level 4.0 Unarmed Combat
 + Level 3.3 Shapeshifting


You had 3 spell levels left.
You didn't know any spells.
Your spell library contained the following spells:

 Spells                   Type           Power      Damage    Failure   Level
 Apportation              Tloc           0%         N/A       36%         1


Dungeon Overview and Level Annotations

Branches:
Dungeon (4/15)
 Temple: D:4-7

Altars:
Dithmenos
Kikubaaqudgha
Ru
Yredelemnul
Zin

Shops:
D:3 =:


Innate Abilities, Weirdness & Mutations

You are a hulking beast.
Your limbs bulge with bestial killing power. (Slay +2)
You cannot wear most types of armour.
You are amphibious.
You can wear up to eight rings at the same time.
Your skin changes colour to match your surroundings (Stealth+).
Your rubbery body absorbs attacks. (AC +1, EV +1)
((You are camouflaged when in or above water. (Stealth+)))
You have tentacles for arms and can constrict up to eight enemies at once.


Message History

The helpless goblin fails to defend itself.
You bludgeon the goblin!
You kill the goblin!
A ball python comes into view.
The ball python hisses angrily.
The quokka barely misses you.
You tentacle-slap the quokka. You grab the quokka.
The quokka is severely wounded.
You constrict the quokka, but do no damage.
The quokka bites you.
An ogre comes into view. It is wielding a +0 giant spiked club.
You barely miss the quokka.
The quokka is severely wounded.
You constrict the quokka. The quokka misses you.
The ogre shouts!
You tentacle-slap the quokka.
You kill the quokka!
The ball python misses you. The ball python barely misses you.
You tentacle-slap the ball python. Your grab misses the ball python.
The ball python is severely wounded.
The ball python bites you. The ball python barely misses you.
You bludgeon the ball python!
You kill the ball python!
Found 6 stones.
You see here a quokka corpse.
Found a stone staircase leading down.
The ogre barely misses you.
You tentacle-slap the ogre.
The ogre is lightly wounded.
The ogre closely misses you.
You bludgeon the ogre!
The ogre is moderately wounded.
You tentacle-slap the ogre but do no damage.
You tentacle-slap the ogre!
The ogre is severely wounded.
The ogre closely misses you.
You bludgeon the ogre!
The ogre is almost dead.
The ogre hits you with a +0 giant spiked club!!!
Ouch! That really hurt!
You die...

#.......#
#.(∩....#
>.......######.
+..............
.......?.....
............
#.O.......#
#.h........
+.†........
#.........#
+.........#
#)........#
#.....#.###...
#.###.#.# ...
#.#.# .. #.#.#


You could see an ogre.

Vanquished Creatures
  An adder (D:2)
  2 worms
  3 dart slugs
  3 orcs (D:4)
  8 ball pythons
  6 endoplasms
  A giant cockroach (D:3)
  11 goblins
  4 hobgoblins
  2 kobolds (D:1)
  4 quokkas
  6 bats
  2 frilled lizards
53 creatures vanquished.

Notes
Turn   | Place    | Note
-------+----------+-------------------------------------------
     0 | D:1      | LeprechaunX the Octopode Shapeshifter began the quest for
                  | the Orb.
     0 | D:1      | Reached XP level 1. HP: 13/13 MP: 1/1
   111 | D:1      | Reached XP level 2. HP: 18/18 MP: 2/2
   406 | D:1      | Reached XP level 3. HP: 23/23 MP: 3/3
  1285 | D:3      | Found a faded altar of an unknown god.
  1287 | D:3      | Reached XP level 4. HP: 28/28 MP: 4/4
  1294 | D:3      | Got Plato's Octavo of Displacement
  1318 | D:3      | Found a sacrificial altar of Ru.
  1320 | D:3      | Found a glowing silver altar of Zin.
  1327 | D:3      | Found a shadowy altar of Dithmenos.
  1335 | D:3      | Found a basalt altar of Yredelemnul.
  1387 | D:3      | Found an ancient bone altar of Kikubaaqudgha.
  1519 | D:3      | Found Matutt Zano's Book Emporium.
  1758 | D:3      | Found Goabe's One-of-a-Kind Rings.
  1889 | D:4      | Reached skill level 4 in Unarmed Combat
  1927 | D:4      | Noticed an ogre
  1937 | D:4      | Mangled by an ogre

Illustrated notes

Levels and vault maps discovered:
D:1:      psy_arrival_dodecagon, layout_basic, grunt_decor_mini_mirrors
D:2:      layout_rooms
D:3:      layout_loops_ring, nicolae_overflow_macrodata_refinement,
          nicolae_kikubaaqudgha_miasma_corner, serial_rivers,
          chequers_serial_rivers_micro_d, chequers_serial_rivers_room_b,
          chequers_serial_rivers_marsh, chequers_serial_rivers_small_a,
          chequers_serial_rivers_micro_a, chequers_serial_rivers_micro_d,
          shapermc_ecumenical_altar_rom_forum, serial_shops,
          nicolae_lakefront_shop, nicolae_shop_unique_rings,
          minmay_misc_feat_rugged, chequers_serial_rivers_marsh,
          minmay_misc_feat_alley
D:4:      layout_basic, serial_demonic, serial_demonic_a, serial_demonic_b,
          serial_demonic_f, serial_demonic_f, serial_demonic_e,
          serial_demonic_d, uniq_robin

Skill      XL: |  1  2  3  4 |
---------------+-------------+-----
Unarmed Combat | 4 |  4.0
Fighting       | |  1.9
Dodging        | |  2.7
Shapeshifting  | |  3.3

Action                     |  1- 3 |  4- 6 || total
---------------------------+-------+-------++-------
  Melee: Unarmed           |    59 |    30 ||    89
         Constrict         |    17 |     7 ||    24
         Tentacles         |    13 |     3 ||    16
         Punch             |     2 |     1 ||     3
   Stab: Sleeping          |     3 |     3 ||     6
         Distracted        |     1 |       ||     1
 Armour: Skin              |     7 |     1 ||     8
  Dodge: Dodged            |    31 |    17 ||    48

Table legend: (Time is in decaauts)
 A = Elapsed time spent in this place.
 B = Non-inter-level travel time spent in this place.
 C = Inter-level travel time spent in this place.
 D = Time resting spent in this place.
 E = Time spent auto-exploring this place.
 F = Levels seen in this place.
 G = Mean time per level.
                   A        B        C        D        E       F      G
               +--------+--------+--------+--------+--------+-----+--------+
         Total |   1929 |   1879 |     50 |      0 |   1575 |   4 |  482.2 |
       Dungeon |   1929 |   1879 |     50 |      0 |   1575 |   4 |  482.2 |
               +--------+--------+--------+--------+--------+-----+--------+

Top non-repeatable levels by time:
     D:3: 749 daAuts
     D:1: 704 daAuts
     D:2: 413 daAuts
     D:4: 61 daAuts
